AoeStats
← 化劲省二

Enclosed

504231249Analyzed
1v1 RM · 29d ago on Sep 4, 2026· 17m 54s· 2 players
Game mode
Random Map
Map size
Tiny (2 player)
Population
200
Speed
Normal
Resources
Standard
Victory
Conquest
Starting age
Dark Age
Ending age
Imperial Age
RankedLock teamsTeams togetherTeam positionsShared explorationLock speedFull tech treeHidden civsTurbo modeCheats
Victory
Defeat
🇦🇷 Khmer · Argentina
1213
+14
🇨🇳 Khitans · China
1173
-14
化劲省二
7:57 Loom
10:31 Feudal Age
12:53 Double-Bit Axe
15:12 Domestication
17:07 Gold Mining
18:02 Wheelbarrow
17:49 Forging
joseguevara07-
7:56 Loom
10:40 Feudal Age
14:22 Castle Age
12:14 Double-Bit Axe
12:50 Horse Collar
Connection lost

Rejoining the realm…

Still unreachable

The connection could not be restored.

Session expired

The server has moved on; the page needs a fresh start.